 Dungeon Crawl Stone Soup version 0.31-a0-431-g88bdf31460 (webtiles) character file.

Game seed: 785932889024042048

37 drugrobin the Sneak (level 3, -7/30 HPs)
             Began as a Demigod Delver on July 31, 2023.
             Mangled by a kobold brigand
             ... wielding a +0 whip
              (9 damage)
             ... in a sewer.
             The game lasted 00:03:36 (603 turns).

drugrobin the Sneak (Demigod Delver)                 Turns: 603, Time: 00:03:36

Health: -7/30      AC:  3    Str: 17    XL:     3   Next: 7%
Magic:  5/5        EV: 11    Int: 12    God:
Gold:   30         SH:  4    Dex: 15    Spells: 2/2 levels left

rFire   . . .        a - +0 hand axe
rCold   . . .        l - +0 buckler
rNeg    . . .        n - +0 leather armour
rPois   .            (no helmet)
rElec   .            (no cloak)
rCorr   .            (no gloves)
SInv    .            (no boots)
Will    .....        (no amulet)
Stlth   ++           (no ring)
HPRegen 0.25/turn    (no ring)
MPRegen 0.09/turn

%: no passive effects
@: attractive, very slow
A: high MP 1, forlorn, divine attributes
a: no special abilities


You were in a sewer.
You visited 1 branch of the dungeon, and saw 4 of its levels.
You also visited: Sewer.

You collected 30 gold pieces.

Inventory:

Hand Weapons
 a - a +0 hand axe (weapon)
 b - a +0 dagger of venom
 h - a +0 quarterstaff
Armour
 l - a +0 buckler (worn)
 n - a +0 leather armour (worn)
Jewellery
 k - an amulet of reflection
Wands
 g - a wand of digging (3)
Scrolls
 c - a scroll of fog
 d - a scroll of revelation
 e - 2 scrolls of fear
 i - a scroll of enchant armour {unknown}
 m - a scroll of poison {unknown}
 o - a scroll of noise {unknown}
Potions
 f - a potion of haste
 j - a potion of attraction


   Skills:
 - Level 2.6 Fighting
 + Level 3.3 Axes
 - Level 1.7 Dodging
 - Level 4.5 Stealth


You had 2 spell levels left.
You didn't know any spells.
Your spell library contained the following spells:

 Spells                   Type           Power      Damage    Failure   Level
 Lesser Beckoning         Tloc           0%         N/A       63%         2
 Gell's Gravitas          Tloc           0%         N/A       85%         3
 Teleport Other           Tloc           0%         N/A       85%         3


Dungeon Overview and Level Annotations

Branches:
Dungeon (5/15)              Sewer (1/1)
 Temple: D:4-7


Innate Abilities, Weirdness & Mutations

You have an increased reservoir of magic. (+10% MP)
You shall have no god before yourself.
Your divine heritage dramatically boosts your attributes as you level up.


Message History

The kobold brigand splashes around in the water.
Unknown command.
Unknown command.
Your +0 dagger of venom stops dripping with poison.
a - a +0 hand axe (weapon)
The kobold brigand hits you with a +0 whip.
* * * LOW HITPOINT WARNING * * *
Unknown command.
Unknown command.
You hit the kobold brigand but do no damage.
The kobold brigand is moderately wounded.
The kobold brigand completely misses you.
Unknown command.
Unknown command.
Your unstable footing causes you to fumble your attack.
The kobold brigand closely misses you.
Unknown command.
Unknown command.
It was a potion of attraction.
You feel attractive to monsters. The kobold brigand closely misses you.
Unknown command.
Unknown command.
Your unstable footing causes you to fumble your attack.
The kobold brigand hits you with a +0 whip.
* * * LOW HITPOINT WARNING * * *
Unknown command.
Unknown command.
Unknown command.
Your unstable footing causes you to fumble your attack.
The kobold brigand hits you with a +0 whip!
* * * LOW HITPOINT WARNING * * *
Unknown command.
Unknown command.
Unknown command.
Unknown command.
Okay, then.
Your unstable footing causes you to fumble your attack.
The kobold brigand hits you with a +0 whip!
You die...

## ###### #.
.#.#.# #~
~#~#~# #~
~#~#~#
#~#~#~#~#
.~~#~~~#
#K###~## #K#
#~# #@###~#
#~~~~~# ##~~~##
#.~.# ~ #.~~#
.~# ##~~.# ~..#
##.~~~#
~~.~#####.~~~.#
..~~~~.~~.~..##


You could see a kobold brigand (very poisoned) and a kobold.

Vanquished Creatures
  A river rat (D:3)
  A dart slug (D:3)
  4 orcs (D:3)
  2 ball pythons (D:3)
  3 endoplasms
  2 giant cockroaches
  A hobgoblin (D:3)
  A quokka (D:3)
  A bat (D:3)
  2 frilled lizards (D:3)
  3 rats
21 creatures vanquished.

Notes
Turn   | Place    | Note
-------+----------+-------------------------------------------
     0 | D:5      | drugrobin the Demigod Delver began the quest for the Orb.
     0 | D:5      | Reached XP level 1. HP: 18/18 MP: 3/3
   244 | D:3      | Reached XP level 2. HP: 17/25 MP: 4/4
   467 | D:3      | Found a glowing drain.
   478 | D:3      | Reached XP level 3. HP: 17/30 MP: 5/5
   494 | Sewer    | Entered a sewer
   584 | Sewer    | Noticed a kobold brigand
   602 | Sewer    | HP: 1/30 [kobold brigand/+0 whip (7)]
   603 | Sewer    | Mangled by a kobold brigand

Illustrated notes

Levels and vault maps discovered:
D:2:      layout_loops_cross, minmay_hedge_maze
D:3:      layout_rooms, portal_sewer_entry_b, minmay_misc_feat_pillars,
          uniq_jessica
D:4:      layout_rooms, minmay_temple_entry_ruins,
          chequers_serial_rivers_small_a, grunt_decor_one_mirror,
          uniq_blork_the_orc, uniq_edmund
D:5:      kennysheep_kobold_camp, layout_layer_cave, minmay_crystal_water,
          corexii_hall_statues_i
Sewer:    sewer_co_tree

Skill      XL: |  1  2 |
---------------+-------+-----
Axes           | 2 3 |  3.3
Fighting       | |  2.6
Dodging        | |  1.7
Stealth        | |  4.5

Action                     || total
---------------------------++-------
  Melee: Hand axe          ||    47
         Dagger            ||    49
    Use: Potion            ||     1
   Stab: Sleeping          ||     1
 Armour: Leather armour    ||    11
  Dodge: Dodged            ||    49
  Block: Buckler           ||     9

Table legend: (Time is in decaauts)
 A = Elapsed time spent in this place.
 B = Non-inter-level travel time spent in this place.
 C = Inter-level travel time spent in this place.
 D = Time resting spent in this place.
 E = Time spent auto-exploring this place.
 F = Levels seen in this place.
 G = Mean time per level.
                   A        B        C        D        E       F      G
               +--------+--------+--------+--------+--------+-----+--------+
         Total |    636 |    636 |      0 |     89 |     75 |   5 |  127.2 |
       Dungeon |    507 |    507 |      0 |     47 |     58 |   4 |  126.8 |
         Sewer |    129 |    129 |      0 |     42 |     17 |   1 |  129.0 |
               +--------+--------+--------+--------+--------+-----+--------+

Top non-repeatable levels by time:
     D:3: 314 daAuts
   Sewer: 129 daAuts
     D:4: 93 daAuts
     D:5: 76 daAuts
     D:2: 22 daAuts
